 Seeded DCSS version 0.30.1-9-gdf580d7c3d (webtiles) character file.

Game seed: 9106806156630997546 (custom seed)

54 Psyclone the Stinger (level 3, 0/19 HPs)
             Began as a Deep Elf Venom Mage on Sept 26, 2023.
             Frozen to death by an endoplasm (4 damage)
             ... on level 2 of the Dungeon.
             The game lasted 00:03:40 (1348 turns).

Psyclone the Stinger (Deep Elf Venom Mage)          Turns: 1348, Time: 00:03:41

Health: 0/19       AC:  2    Str:  5    XL:     3   Next: 66%
Magic:  8/9        EV: 12    Int: 21    God:
Gold:   89         SH:  0    Dex: 15    Spells: 5/8 levels left

rFire   . . .        l - +0 falchion
rCold   . . .        (no shield)
rNeg    . . .        a - +0 robe
rPois   +            (no helmet)
rElec   .            (no cloak)
rCorr   .            (no gloves)
SInv    .            (no boots)
Will    .....        (no amulet)
Stlth   ++           j - ring of poison resistance
HPRegen 0.23/turn    (no ring)
MPRegen 0.11/turn

%: no passive effects
@: no status effects
A: no striking features
a: no special abilities


You were on level 2 of the Dungeon.
You visited 1 branch of the dungeon, and saw 2 of its levels.

You collected 89 gold pieces.

Inventory:

Hand Weapons
 l - a +0 falchion (weapon)
Armour
 a - a +0 robe (worn)
Jewellery
 j - a ring of poison resistance (left hand)
Scrolls
 c - a scroll of teleportation {unknown}
 d - a scroll of blinking {unknown}
 h - a scroll of noise {unknown}
 o - a scroll of poison {unknown}
 p - a scroll of enchant armour {unknown}
Potions
 b - a potion of magic
 e - 4 potions of curing {unknown}
 f - a potion of berserk rage {unknown}
 g - 4 potions of brilliance {unknown}
 i - a potion of lignification {unknown}
 k - a potion of attraction {unknown}
 m - a potion of might {unknown}
 n - a potion of haste {unknown}


   Skills:
 - Level 2.4 Dodging
 - Level 2.4 Stealth
 - Level 3.0 Spellcasting
 - Level 1.1 Transmutations
 + Level 5.2 Poison Magic


You had 5 spell levels left.
You knew the following spells:

 Your Spells              Type           Power      Damage    Failure   Level
a - Poisonous Vapours     Pois/Air       28%        N/A       7%          2
v - Sting                 Tmut/Pois      64%        1d6       3%          1

Your spell library contained the following spells:

 Spells                   Type           Power      Damage    Failure   Level
 Olgreb's Toxic Radiance  Pois           25%        N/A       16%         4
 Mephitic Cloud           Conj/Pois/Air  10%        N/A       21%         3


Dungeon Overview and Level Annotations

Branches:
Dungeon (2/15) Zot: 10648

Altars:
Qazlal

Shops:
D:1 =


Message History

You hit the endoplasm but do no damage. The endoplasm misses you.
The endoplasm barely misses you.
You hit the endoplasm but do no damage. The endoplasm closely misses you.
You hit the endoplasm but do no damage.
A ball python comes into view.
The endoplasm freezes you.
You are frozen.
The ball python moves out of view.
You take 4 damage, and have 15/19 hp.
MASSIVE DAMAGE!!
You hit the endoplasm.
The endoplasm is lightly wounded.
The endoplasm barely misses you.
You hit the endoplasm but do no damage.
The endoplasm is lightly wounded.
The endoplasm freezes you.
You are frozen.
The endoplasm hits you.
You take 6 damage, and have 9/19 hp.
MASSIVE DAMAGE!!
You barely miss the endoplasm.
The endoplasm is lightly wounded.
The endoplasm freezes you.
You are frozen.
* * * LOW HITPOINT WARNING * * *
You take 4 damage, and have 5/19 hp.
MASSIVE DAMAGE!!
The endoplasm attacks as you move away!
The endoplasm hits you but does no damage.
You hit the endoplasm.
The endoplasm is severely wounded.
The endoplasm freezes you.
You are frozen.
* * * LOW HITPOINT WARNING * * *
You take 2 damage, and have 4/19 hp.
Casting: Poisonous Vapours (safe; 7% risk of failure)
Confirm with . or Enter, or press ? or * to list all spells.
Aiming: Sting (safe; 3% risk of failure)
Press: ? - help, Shift-Dir - straight line, f - endoplasm
Aim: an endoplasm (severely wounded, 98% to hit)
The sting hits the endoplasm.
The endoplasm is poisoned.
The endoplasm is almost dead.
The endoplasm freezes you.
You are frozen.
You die...

........##.### #.##
......#......#######..##
........##.............#####
.....##..##..#######.#.....#
########)†##.# #....##..#
##....# ####...


g.g ###..##### ######.. g #......###......?#.# ##....@J...# # ###..#####.##
#...## #... #.#.# ##### #.#.# #.#.# #####.#.# #.....#.## #####....# You could
see an endoplasm (poisoned).

Vanquished Creatures
  Jessica (D:2)
  A worm (D:2)
  A dart slug (D:2)
  2 ball pythons
  3 bats (D:1)
  An endoplasm (D:1)
  A giant cockroach (D:2)
  3 goblins
  3 jackals (D:2)
  4 kobolds
  2 frilled lizards (D:1)
  A rat (D:1)
23 creatures vanquished.

Notes
Turn   | Place    | Note
-------+----------+-------------------------------------------
     0 | D:1      | Psyclone the Deep Elf Venom Mage began the quest for the
                  | Orb.
     0 | D:1      | Reached XP level 1. HP: 10/10 MP: 6/6
   260 | D:1      | Found Cetaas's Jewellery Emporium.
   267 | D:1      | Reached XP level 2. HP: 15/15 MP: 5/8
   290 | D:1      | Reached skill level 4 in Poison Magic
   803 | D:2      | Found a stormy altar of Qazlal.
   929 | D:2      | Learned a level 2 spell: Poisonous Vapours
  1176 | D:2      | Noticed Jessica
  1183 | D:2      | Killed Jessica
  1184 | D:2      | Reached skill level 5 in Poison Magic
  1184 | D:2      | Reached XP level 3. HP: 14/19 MP: 2/9
  1348 | D:2      | Frozen to death by an endoplasm

Illustrated notes

Levels and vault maps discovered:
D:1:      onia_arrival_mini_spirals, layout_loops_ring, serial_shops, shop
D:2:      layout_rooms, basic_altar, reono_crystal_passage, minmay_tetromino_l2,
          uniq_robin, uniq_jessica, uniq_crazy_yiuf_cottage

Skill      XL: |  1  2 |
---------------+-------+-----
Poison Magic   | 5 |  5.2
Dodging        | |  2.4
Stealth        | |  2.4
Spellcasting   | |  3.0
Transmutations | |  1.1

Action                     || total
---------------------------++-------
  Melee: Falchion          ||    16
         Punch             ||     1
   Cast: Sting             ||    38
         Poisonous Vapours ||    10
 Armour: Robe              ||     8
  Dodge: Dodged            ||    21
